TOP OF THE 1ST |
Vancouver Vipers batting - Pitching for Mile High Broncos : RHP Bob Smith
|
Pitching: RHP Bob Smith
|
|
Batting: RHB Guillermo Sánchez
|
0-0: SINGLE (Line Drive, 56)
|
Batting: RHB Kel Pierce
|
0-0: Swinging Strike 0-1: Foul Ball, location: 2F 0-2: Fielders Choice at 2nd, 4-6 (Groundball, 4)
|
Batting: SHB Henry Copeland
|
0-0: Grounds into double play, 1-6-3 (Groundball, 25)
|
Top of the 1st over - 0 run(s), 1 hit(s), 0 error(s), 0 left on base; Vancouver 0 - Mile High 0 |
BOTTOM OF THE 1ST |
Mile High Broncos batting - Pitching for Vancouver Vipers : RHP Toshikasu Kiyomizu
|
Pitching: RHP Toshikasu Kiyomizu
|
|
Batting: RHB José Herrera
|
0-0: Foul Ball, location: 2F 0-1: Ground out 4-3 (Groundball, 4M)
|
Batting: RHB Phil White
|
0-0: Called Strike 0-1: Ball 1-1: Ball 2-1: Called Strike 2-2: Ball 3-2: Strikes out swinging
|
Batting: LHB Bill Houston
|
0-0: Ball 1-0: Foul Ball, location: 2F 1-1: Ball 2-1: Ball 3-1: Base on Balls
|
Batting: RHB António Martínez
|
0-0: Ball 1-0: Swinging Strike 1-1: Ball 2-1: Fielders Choice at 2nd, U6 (Groundball, 6M)
|
Bottom of the 1st over - 0 run(s), 0 hit(s), 0 error(s), 1 left on base; Vancouver 0 - Mile High 0 |
TOP OF THE 2ND |
Vancouver Vipers batting - Pitching for Mile High Broncos : RHP Bob Smith
|
Batting: RHB Xavier Feliciano
|
0-0: Ball 1-0: Foul Ball, location: 2F 1-1: Foul Ball, location: 2F 1-2: Foul Ball, location: 2F 1-2: Ball 2-2: SINGLE (Groundball, 13) (infield hit)
|
Batting: LHB Mike Williams
|
0-0: Ball 1-0: DOUBLE (Flyball, 8RXD) Xavier Feliciano to third
|
Batting: RHB Pedro Fuentes
|
0-0: Ball 1-0: SINGLE (Line Drive, 34D) Xavier Feliciano scores Mike Williams to third Runner from 3rd tries for Home, SAFE, no throw or cutoff
|
Batting: RHB Lorenzo González
|
0-0: Swinging Strike 0-1: Called Strike 0-2: Ball 1-2: Ball 2-2: Grounds into double play, 4-6-3 (Groundball, 4)
|
Batting: RHB Tomás Estrada
|
0-0: Called Strike 0-1: Ball 1-1: Ball 2-1: Ball 3-1: Base on Balls
|
Batting: RHB Kenneth Corbitt
|
0-0: Ball 1-0: Foul Ball, location: 2F 1-1: Ball 2-1: Foul Ball, location: 2F 2-2: Ball 3-2: Fly out, F3 (Popup, 3D)
|
Top of the 2nd over - 2 run(s), 3 hit(s), 0 error(s), 1 left on base; Vancouver 2 - Mile High 0 |
BOTTOM OF THE 2ND |
Mile High Broncos batting - Pitching for Vancouver Vipers : RHP Toshikasu Kiyomizu
|
Batting: RHB Juan Jose Guevana
|
0-0: Called Strike 0-1: Called Strike 0-2: Ball 1-2: Ball 2-2: Foul Ball, location: 2F 2-2: SOLO HOME RUN (Flyball, 8RXD), Distance : 432 ft
|
Batting: RHB Jesús Espinoza
|
0-0: Ball 1-0: Foul Ball, location: 2F 1-1: Ball 2-1: Ground out 4-3 (Groundball, 34)
|
Batting: RHB Ximena Campos
|
0-0: Foul Ball, location: 2F 0-1: Foul Ball, location: 2F 0-2: Strikes out looking
|
Batting: RHB Juan Gonzáles
|
0-0: Ball 1-0: Foul Ball, location: 2F 1-1: Foul Ball, location: 2F 1-2: Fly out, F8 (Flyball, 78XD)
|
Bottom of the 2nd over - 1 run(s), 1 hit(s), 0 error(s), 0 left on base; Vancouver 2 - Mile High 1 |
TOP OF THE 3RD |
Vancouver Vipers batting - Pitching for Mile High Broncos : RHP Bob Smith
|
Batting: RHB Guillermo Sánchez
|
0-0: Ball 1-0: Ball 2-0: Foul Ball, location: 2F 2-1: Ball 3-1: Ground out 5-3 (Groundball, 56)
|
Batting: RHB Kel Pierce
|
0-0: Ball 1-0: Fly out, F3 (Popup, 13)
|
Batting: SHB Henry Copeland
|
0-0: Ball 1-0: Ball 2-0: Called Strike 2-1: Ball 3-1: Foul Ball, location: 2F 3-2: Foul Ball, location: 2F 3-2: SOLO HOME RUN (Flyball, 9D), Distance : 379 ft
|
Batting: RHB Xavier Feliciano
|
0-0: Foul Ball, location: 2F 0-1: Ball 1-1: Foul Ball, location: 2F 1-2: Ground out 4-3 (Groundball, 4)
|
Top of the 3rd over - 1 run(s), 1 hit(s), 0 error(s), 0 left on base; Vancouver 3 - Mile High 1 |
BOTTOM OF THE 3RD |
Mile High Broncos batting - Pitching for Vancouver Vipers : RHP Toshikasu Kiyomizu
|
Batting: RHB Edward Williams
|
0-0: Ground out 6-3 (Groundball, 6M)
|
Batting: RHB José Herrera
|
0-0: Fly out, F9 (Flyball, 9M)
|
Batting: RHB Phil White
|
0-0: Foul Ball, location: 2F 0-1: Swinging Strike 0-2: Ball 1-2: Strikes out swinging
|
Bottom of the 3rd over - 0 run(s), 0 hit(s), 0 error(s), 0 left on base; Vancouver 3 - Mile High 1 |
TOP OF THE 4TH |
Vancouver Vipers batting - Pitching for Mile High Broncos : RHP Bob Smith
|
Batting: LHB Mike Williams
|
0-0: Ball 1-0: SINGLE (Groundball, 4MD)
|
Batting: RHB Pedro Fuentes
|
0-0: Foul Ball, location: 2F 0-1: Called Strike 0-2: Ball 1-2: Foul Ball, location: 2F 1-2: Fly out, F3 (Popup, 3F)
|
Batting: RHB Lorenzo González
|
0-0: Called Strike 0-1: Ball 1-1: Swinging Strike 1-2: Strikes out swinging Mike Williams steals 2nd base Batter strikes out.
|
Batting: RHB Tomás Estrada
|
0-0: Foul Ball, location: 2F 0-1: SINGLE (Line Drive, 4MD) Mike Williams to third
|
Batting: RHB Kenneth Corbitt
|
0-0: Ball 1-0: Ball 2-0: Ground out 4-3 (Groundball, 34)
|
Top of the 4th over - 0 run(s), 2 hit(s), 0 error(s), 2 left on base; Vancouver 3 - Mile High 1 |
BOTTOM OF THE 4TH |
Mile High Broncos batting - Pitching for Vancouver Vipers : RHP Toshikasu Kiyomizu
|
Batting: LHB Bill Houston
|
0-0: Called Strike 0-1: Ball 1-1: Fly out, F4 (Line Drive, 4)
|
Batting: RHB António Martínez
|
0-0: Ball 1-0: DOUBLE (Line Drive, 7D)
|
Batting: RHB Juan Jose Guevana
|
0-0: Fly out, F7 (Line Drive, 7M)
|
Batting: RHB Jesús Espinoza
|
0-0: Called Strike 0-1: Swinging Strike 0-2: Ball 1-2: Fly out, F9 (Popup, 9LS)
|
Bottom of the 4th over - 0 run(s), 1 hit(s), 0 error(s), 1 left on base; Vancouver 3 - Mile High 1 |
TOP OF THE 5TH |
Vancouver Vipers batting - Pitching for Mile High Broncos : RHP Bob Smith
|
Batting: RHB Guillermo Sánchez
|
0-0: Called Strike 0-1: Called Strike 0-2: Ground out 6-3 (Groundball, 6M)
|
Batting: RHB Kel Pierce
|
0-0: Called Strike 0-1: Foul Ball, location: 2F 0-2: Foul Ball, location: 2F 0-2: Ball 1-2: Ball 2-2: Strikes out swinging
|
Batting: SHB Henry Copeland
|
0-0: Ground out 4-3 (Groundball, 4)
|
Top of the 5th over - 0 run(s), 0 hit(s), 0 error(s), 0 left on base; Vancouver 3 - Mile High 1 |
BOTTOM OF THE 5TH |
Mile High Broncos batting - Pitching for Vancouver Vipers : RHP Toshikasu Kiyomizu
|
Batting: RHB Ximena Campos
|
0-0: Ball 1-0: Foul Ball, location: 2F 1-1: Called Strike 1-2: Ball 2-2: Ball 3-2: Strikes out swinging
|
Batting: RHB Juan Gonzáles
|
0-0: Called Strike 0-1: Foul Ball, location: 2F 0-2: Strikes out swinging
|
Batting: RHB Edward Williams
|
0-0: Ball 1-0: Ground out 5-3 (Groundball, 5S)
|
Bottom of the 5th over - 0 run(s), 0 hit(s), 0 error(s), 0 left on base; Vancouver 3 - Mile High 1 |
TOP OF THE 6TH |
Vancouver Vipers batting - Pitching for Mile High Broncos : RHP Bob Smith
|
Batting: RHB Xavier Feliciano
|
0-0: Ball 1-0: Ball 2-0: Ground out 4-3 (Groundball, 4)
|
Batting: LHB Mike Williams
|
0-0: Ball 1-0: Fly out, F7 (Flyball, 7D)
|
Batting: RHB Pedro Fuentes
|
0-0: Ball 1-0: Ball 2-0: Called Strike 2-1: Foul Ball, location: 2F 2-2: Foul Ball, location: 2F 2-2: Ground out 6-3 (Groundball, 56)
|
Top of the 6th over - 0 run(s), 0 hit(s), 0 error(s), 0 left on base; Vancouver 3 - Mile High 1 |
BOTTOM OF THE 6TH |
Mile High Broncos batting - Pitching for Vancouver Vipers : RHP Toshikasu Kiyomizu
|
Batting: RHB José Herrera
|
0-0: Ball 1-0: Fly out, F8 (Flyball, 8RXD)
|
Batting: RHB Phil White
|
0-0: Ball 1-0: Called Strike 1-1: Foul Ball, location: 2F 1-2: Fly out, F3 (Popup, 3F)
|
Batting: LHB Bill Houston
|
0-0: Ball 1-0: Fly out, F8 (Flyball, 8LS)
|
Bottom of the 6th over - 0 run(s), 0 hit(s), 0 error(s), 0 left on base; Vancouver 3 - Mile High 1 |
TOP OF THE 7TH |
Vancouver Vipers batting - Pitching for Mile High Broncos : RHP Bob Smith
|
Pitching: RHP David Bailey
|
|
Batting: RHB Lorenzo González
|
0-0: Called Strike 0-1: Fly out, F6 (Line Drive, 6)
|
Batting: RHB Tomás Estrada
|
0-0: Called Strike 0-1: Foul Ball, location: 2F 0-2: DOUBLE (Line Drive, 5D)
|
Batting: RHB Kenneth Corbitt
|
0-0: Ball 1-0: SINGLE (Line Drive, 6M) Tomás Estrada to third Runner from 3rd tries for Home, SAFE, throw made home Kenneth Corbitt to second
|
Batting: RHB Guillermo Sánchez
|
0-0: Called Strike 0-1: SINGLE (Line Drive, 56) Kenneth Corbitt to third Runner from 3rd tries for Home, SAFE, no throw or cutoff
|
Batting: RHB Kel Pierce
|
0-0: Called Strike 0-1: Ball 1-1: Ball 2-1: SINGLE (Groundball, 6D) Guillermo Sánchez to second
|
Batting: SHB Henry Copeland
|
0-0: Ball 1-0: Ball 2-0: Called Strike 2-1: Called Strike 2-2: Fly out, F7 (Flyball, 7M)
|
Batting: RHB Xavier Feliciano
|
0-0: Ball 1-0: Called Strike Passed Ball! Guillermo Sánchez to third Kel Pierce to second 1-1: Foul Ball, location: 2F 1-2: Foul Ball, location: 2F 1-2: Ball 2-2: Ball 3-2: Foul Ball, location: 2F 3-2: Strikes out swinging
|
Top of the 7th over - 2 run(s), 4 hit(s), 0 error(s), 2 left on base; Vancouver 5 - Mile High 1 |
BOTTOM OF THE 7TH |
Mile High Broncos batting - Pitching for Vancouver Vipers : RHP Toshikasu Kiyomizu
|
Batting: RHB António Martínez
|
0-0: Ball 1-0: SOLO HOME RUN (Flyball, 8LXD), Distance : 429 ft
|
Batting: RHB Juan Jose Guevana
|
0-0: Ball 1-0: Foul Ball, location: 2F 1-1: Foul Ball, location: 2F 1-2: Ball 2-2: Foul Ball, location: 2F 2-2: Foul Ball, location: 2F 2-2: Foul Ball, location: 2F 2-2: Foul Ball, location: 2F 2-2: Foul Ball, location: 2F 2-2: Ball 3-2: Ground out 6-3 (Groundball, 6)
|
Batting: RHB Jesús Espinoza
|
0-0: Foul Ball, location: 2F 0-1: Ball 1-1: Ball 2-1: Foul Ball, location: 2F 2-2: Ball 3-2: Base on Balls
|
Batting: RHB Ximena Campos
|
0-0: Ball 1-0: Foul Ball, location: 2F 1-1: Ball 2-1: Called Strike 2-2: Strikes out swinging
|
Batting: RHB Juan Gonzáles
|
0-0: Called Strike 0-1: Called Strike 0-2: Ball 1-2: Ball 2-2: Ball 3-2: Foul Ball, location: 2F 3-2: Fly out, F7 (Flyball, 7LM)
|
Bottom of the 7th over - 1 run(s), 1 hit(s), 0 error(s), 1 left on base; Vancouver 5 - Mile High 2 |
TOP OF THE 8TH |
Vancouver Vipers batting - Pitching for Mile High Broncos : RHP David Bailey
|
Batting: LHB Mike Williams
|
0-0: Ball 1-0: Foul Ball, location: 2F 1-1: SINGLE (Line Drive, 9S)
|
Batting: RHB Pedro Fuentes
|
0-0: Ball Mike Williams steals 2nd base 1-0: Intentional Walk
|
Batting: RHB Lorenzo González
|
0-0: Ball 1-0: Bunted foul 1-1: Bunted foul 1-2: Fielders Choice at 2nd, 1-6 (Groundball, 15) Mike Williams to third
|
Pitching: RHP Myoung-chul Im
|
|
Batting: RHB Tomás Estrada
|
0-0: Ball 1-0: Ball 2-0: Ball 3-0: Called Strike 3-1: Base on Balls Lorenzo González to second
|
Pinch Hitting: RHB Howard Lane
|
0-0: Fly out, F9 (Flyball, 89M) Runner from 3rd tags up, SCORES, no throw
|
Batting: RHB Guillermo Sánchez
|
0-0: Ball 1-0: Ball 2-0: Called Strike 2-1: Foul Ball, location: 2F 2-2: Strikes out swinging
|
Top of the 8th over - 1 run(s), 1 hit(s), 0 error(s), 2 left on base; Vancouver 6 - Mile High 2 |
BOTTOM OF THE 8TH |
Mile High Broncos batting - Pitching for Vancouver Vipers : RHP Toshikasu Kiyomizu
|
Pitching: RHP Álex Villegas
|
|
Now at SS: Cristo Gilera
|
|
Batting: RHB Edward Williams
|
0-0: SINGLE (Groundball, 56D)
|
Batting: RHB José Herrera
|
0-0: Fly out, F9 (Popup, 34D)
|
Batting: RHB Phil White
|
0-0: Called Strike 0-1: Swinging Strike 0-2: Ball 1-2: Ball 2-2: Strikes out swinging
|
Batting: LHB Bill Houston
|
0-0: Reached on error, E3 (Groundball, 3) Edward Williams to second
|
Pitching: RHP Ulric Duval
|
|
Batting: RHB António Martínez
|
0-0: Swinging Strike 0-1: Fly out, F9 (Flyball, 89M)
|
Bottom of the 8th over - 0 run(s), 1 hit(s), 1 error(s), 2 left on base; Vancouver 6 - Mile High 2 |
TOP OF THE 9TH |
Vancouver Vipers batting - Pitching for Mile High Broncos : RHP Myoung-chul Im
|
Pitching: RHP Yong-taek Yi
|
|
Batting: RHB Kel Pierce
|
0-0: Ball 1-0: Bunt missed! 1-1: Ground out 5-3 (Groundball, 56)
|
Batting: SHB Henry Copeland
|
0-0: Called Strike 0-1: Foul Ball, location: 2F 0-2: Strikes out swinging
|
Batting: RHB Xavier Feliciano
|
0-0: Ball 1-0: Foul Ball, location: 2F 1-1: Ball 2-1: Ball 3-1: Ground out 4-3 (Groundball, 4M)
|
Top of the 9th over - 0 run(s), 0 hit(s), 0 error(s), 0 left on base; Vancouver 6 - Mile High 2 |
BOTTOM OF THE 9TH |
Mile High Broncos batting - Pitching for Vancouver Vipers : RHP Ulric Duval
|
Pitching: RHP José García
|
|
Batting: RHB Juan Jose Guevana
|
0-0: Ball 1-0: Called Strike 1-1: Swinging Strike 1-2: Ball 2-2: Strikes out swinging
|
Batting: RHB Jesús Espinoza
|
0-0: Called Strike 0-1: Ball 1-1: Ground out 5-3 (Groundball, 56)
|
Batting: RHB Ximena Campos
|
0-0: Ball 1-0: Ball 2-0: Fly out, F9 (Popup, 34D)
|
Bottom of the 9th over - 0 run(s), 0 hit(s), 0 error(s), 0 left on base; Vancouver 6 - Mile High 2 |
|